 Dungeon Crawl Stone Soup version 0.28-a0-779-g3d1f99b579 (webtiles) character file.

Game seed: 1558446753893732457

12 cheechan the Grasshopper (level 2, 0/19 HPs)
             Began as an Octopode Warper on Nov 2, 2021.
             Slain by a frilled lizard (2 damage)
             ... on level 1 of the Dungeon.
             The game lasted 00:01:10 (236 turns).

cheechan the Grasshopper (Octopode Warper)           Turns: 236, Time: 00:01:11

Health: 0/19       AC:  1    Str: 10    XL:     2   Next: 33%
Magic:  5/5        EV: 13    Int: 15    God:
Gold:   28         SH:  0    Dex: 11    Spells: 5/5 levels left

rFire   . . .      SeeInvis .   a - +0 spear
rCold   . . .      Faith    .   (no shield)
rNeg    . . .      Spirit   .   (helmet restricted)
rPois   .          Reflect  .   (no amulet)
rElec   .          Harm     .   (no ring)
rCorr   .          Rampage  .   (no ring)
Will    .....                   (no ring)
Stlth   ++........              (no ring)
HPRegen 0.06/turn               (no ring)
MPRegen 0.09/turn               (no ring)
                                (no ring)
                                (no ring)

@: no status effects
A: almost no armour, amphibious, 8 rings, camouflage 1, gelatinous body 1,
(nimble swimmer 1), tentacles
a: no special abilities


You were on level 1 of the Dungeon.
You visited 1 branch of the dungeon, and saw 1 of its levels.

You collected 28 gold pieces.

Inventory:

Hand Weapons
 a - a +0 spear (weapon)
Missiles
 c - 5 boomerangs of dispersal (quivered)
Scrolls
 b - a scroll of blinking
 d - a scroll of identify {unknown}


   Skills:
 + Level 2.2 Fighting
 + Level 2.1 Polearms
 + Level 1.0 Throwing
 + Level 2.5 Dodging
 + Level 2.0 Spellcasting
 + Level 3.3 Translocations


You had 5 spell levels left.
You didn't know any spells.
Your spell library contained the following spells:

 Spells                   Type           Power      Damage    Failure   Level
 Blink                    Tloc           22%        N/A       9%          2
 Gell's Gravitas          Tloc           11%        N/A       17%         3
 Lesser Beckoning         Tloc           11%        N/A       17%         3
 Teleport Other           Tloc           11%        N/A       17%         3
 Manifold Assault         Tloc           11%        N/A       83%         5


Dungeon Overview and Level Annotations

Branches:
Dungeon (1/15)

Altars:


Innate Abilities, Weirdness & Mutations

You cannot wear most types of armour.
You are amphibious.
You can wear up to eight rings at the same time.
Your skin changes colour to match your surroundings (Stealth+).
Your rubbery body absorbs attacks. (AC +1, EV +1)
((You are camouflaged near water. (Stealth+)))
You have tentacles for arms and can constrict up to eight enemies at once.


Message History

Reach: a) +0 spear
Press: ? - help, Dir - move target, f/p - bat
Aim: a bat (about 54% to evade your +0 spear)
You reach to attack!
You barely miss the bat. The bat hits you but does no damage. x2
Unknown command.
Reach: a) +0 spear
Press: ? - help, Dir - move target, f/p - bat
Aim: a bat (about 54% to evade your +0 spear)
You closely miss the bat. You grab the bat. You constrict the bat.
The bat hits you but does no damage.
The bat struggles to escape constriction.
Unknown command.
Reach: a) +0 spear
Press: ? - help, Dir - move target, f/p - bat
Aim: a bat (moderately wounded, constricted by you, about 29% to evade your +0 spear)
You hit the bat.
You kill the bat!
Unknown command.
Found a stone staircase leading down.
You closely miss the goblin.
The goblin shouts!
You grab the goblin. You constrict the goblin.
The goblin completely misses you.
You hit the goblin.
You kill the goblin!
Memorise Blink, consuming 2 spell levels and leaving 3?
You start memorising the spell.
You continue memorising. x2
The kobold hits you with a +0 short sword.
Your memorisation is interrupted.
* * * LOW HITPOINT WARNING * * *
You closely miss the kobold. Your grab misses the kobold.
Your squeeze misses the kobold.
The frilled lizard hisses.
The kobold completely misses you.
You closely miss the kobold. You grab the kobold. You squeeze the kobold.
You kill the kobold!
You closely miss the frilled lizard. You grab the frilled lizard.
You constrict the frilled lizard. The frilled lizard bites you.
You die...

## #.#.# #. ..#.# .. ..#.#
.###.#.# # ..#.#>#
#.##.#.#.# #..........
#....#.#.### #..........
#..)..l@..## #..........
.....'######..###..........
#.##. ##.†.#.......... ..
#.#..#.......... ##
#..#.#...†......
#..#....).......
#..#..###'######
#..#.####.# .#.#....#.#


You could see a frilled lizard.

Vanquished Creatures
  An endoplasm (D:1)
  A giant cockroach (D:1)
  2 goblins (D:1)
  A hobgoblin (D:1)
  A quokka (D:1)
  2 bats (D:1)
  3 kobolds (D:1)
  2 rats (D:1)
13 creatures vanquished.

Notes
Turn   | Place    | Note
-------+----------+-------------------------------------------
     0 | D:1      | cheechan the Octopode Warper began the quest for the Orb.
     0 | D:1      | Reached XP level 1. HP: 14/14 MP: 3/3
   191 | D:1      | Reached XP level 2. HP: 6/19 MP: 5/5
   236 | D:1      | Slain by a frilled lizard

Illustrated notes

Levels and vault maps discovered:
D:1:      dpeg_arrival_boxes_within_box, layout_basic,
          dreamdust_ecumenical_altar_angels_and_demons, minmay_3d_cube

Action                   || total
-------------------------++-------
Melee: Spear             ||    40
       Constrict         ||    12
       Tentacles         ||     4
Armor: Skin              ||     4
Dodge: Dodged            ||    30

Table legend: (Time is in decaauts)
 A = Elapsed time spent in this place.
 B = Non-inter-level travel time spent in this place.
 C = Inter-level travel time spent in this place.
 D = Time resting spent in this place.
 E = Time spent auto-exploring this place.
 F = Levels seen in this place.
 G = Mean time per level.
                   A        B        C        D        E       F      G
               +--------+--------+--------+--------+--------+-----+--------+
         Total |    235 |    235 |      0 |      0 |      0 |   1 |  235.0 |
       Dungeon |    235 |    235 |      0 |      0 |      0 |   1 |  235.0 |
               +--------+--------+--------+--------+--------+-----+--------+

Top non-repeatable levels by time:
     D:1: 235 daAuts
